 Dungeon Crawl Stone Soup version 0.29.0-13-gc9e81de378 (webtiles) character file.

Game seed: 16015354032378415073

145 casanoah the Insei (level 5, 0/40 HPs)
             Began as a Draconian Transmuter on Sept 9, 2022.
             Shot with an arrow by a centaur (11 damage)
             ... on level 3 of the Dungeon.
             The game lasted 00:05:12 (3770 turns).

casanoah the Insei (Draconian Transmuter)           Turns: 3770, Time: 00:05:12

Health: 0/40       AC:  7    Str: 12    XL:     5   Next: 6%
Magic:  9/9        EV: 12    Int: 13    God:
Gold:   111        SH:  0    Dex: 14    Spells: 3/9 levels left

rFire   . . .      SeeInvis .     - Unarmed
rCold   . . .      Faith    .   (no shield)
rNeg    . . .      Spirit   .   (body armour unavailable)
rPois   .          Reflect  .   (helmet restricted)
rElec   .          Harm     .   (no cloak)
rCorr   .          Rampage  .   g - +0 pair of gloves
Will    .....                   j - +0 pair of boots
Stlth   ++........              (no amulet)
HPRegen 0.13/turn               (no ring)
MPRegen 0.11/turn               (no ring)

@: no status effects
A: AC +5, unfitting armour, cold-blooded
a: no special abilities


You were on level 3 of the Dungeon.
You visited 1 branch of the dungeon, and saw 3 of its levels.

You collected 111 gold pieces.

Inventory:

Armour
 g - a +0 pair of gloves (worn)
 j - a +0 pair of boots (worn)
Scrolls
 f - a scroll of amnesia {unknown}
 i - 3 scrolls of identify
 k - 2 scrolls of fear {unknown}
 l - a scroll of teleportation {unknown}
 m - a scroll of butterflies {unknown}
Potions
 a - a potion of lignification
 b - a potion of berserk rage
 c - 3 potions of haste
 d - 2 potions of mutation {unknown}
 e - a potion of might {unknown}
 h - 2 potions of curing


   Skills:
 + Level 1.4 Fighting
 + Level 2.5 Dodging
 + Level 0.6 Stealth
 + Level 4.2 Unarmed Combat
 + Level 2.6 Spellcasting
 + Level 2.8 Transmutations


You had 3 spell levels left.
You knew the following spells:

 Your Spells              Type           Power      Damage    Failure   Level
a - Beastly Appendage     Tmut           18%        N/A       8%          1
b - Wereblood             Tmut           9%         N/A       12%         2
c - Spider Form           Tmut/Pois      5%         N/A       38%         3

Your spell library contained the following spells:

 Spells                   Type           Power      Damage    Failure   Level
 Gell's Gravitas          Tloc           1%         N/A       58%         3
 Teleport Other           Tloc           1%         N/A       58%         3
 Ice Form                 Ice/Tmut       5%         N/A       80%         4
 Dispersal                Tloc           0%         N/A       100%        6


Dungeon Overview and Level Annotations

Branches:
Dungeon (3/15)

Altars:
Ashenzari

Annotations:
D:2 1 runed translucent door, Crazy Yiuf


Innate Abilities, Weirdness & Mutations

Your plain brown scales are hard. (AC +5)
You cannot fit into any form of body armour.
You are cold-blooded and may be slowed by cold attacks.


Message History

You are too injured to fight recklessly!
You are too injured to fight recklessly!
You are too injured to fight recklessly!
You are too injured to fight recklessly!
You are too injured to fight recklessly!
You are too injured to fight recklessly!
You are too injured to fight recklessly!
You are too injured to fight recklessly!
You are too injured to fight recklessly!
You are too injured to fight recklessly!
You are too injured to fight recklessly!
Your transformation is almost over.
The goblin shoots a sling bullet.
The sling bullet hits you but does no damage.
The goblin shoots a sling bullet.
The sling bullet closely misses you.
Your horns disappear.
Your talons disappear.
Your +0 pair of boots unmelds from your body.
The centaur shoots an arrow.
The arrow hits you!
* * * LOW HITPOINT WARNING * * *
The centaur shoots an arrow.
The arrow hits you!
* * * LOW HITPOINT WARNING * * *
Okay, then.
You feel better.
The centaur shoots an arrow.
The arrow hits you but does no damage.
The goblin shoots a sling bullet.
The sling bullet hits you but does no damage.
The centaur shoots an arrow.
The arrow closely misses you.
You feel better.
The centaur shoots an arrow.
The arrow completely misses you.
The goblin shoots a sling bullet.
The sling bullet hits you but does no damage.
The centaur shoots an arrow.
The arrow barely misses you.
The centaur shoots an arrow.
The arrow closely misses you.
The centaur shoots an arrow.
The arrow hits you but does no damage.
The centaur shoots an arrow.
The arrow barely misses you.
The centaur shoots an arrow.
The arrow barely misses you.
The centaur shoots an arrow.
The arrow hits you!
* * * LOW HITPOINT WARNING * * *
The centaur shoots an arrow.
The arrow hits you.
* * * LOW HITPOINT WARNING * * *
The centaur shoots an arrow.
The arrow hits you!
You die...

#..#...#.#...................#
#..#...#.....#......[..#######
#........#.............#
#.#...>.##c###.........#
#.#..g#................#
#.#...#.##.............#
#.#...#.######....>....#
#.#...#................#
#.#...#######...@<.....#
#.#....c......#.########
#.#.#..g....###.#
#.#.#######.# #.# #.#.# #.#
#.# #†#.#.#####.###.#
#.#.#...........#
#.#.#######.##### #.#.# #.#


You could see a centaur.

Vanquished Creatures
  5 adders
  4 gnolls (D:2)
  4 worms
  2 dart slugs (D:2)
  4 ball pythons
  2 endoplasms
  2 giant cockroaches
  A goblin (D:1)
  5 hobgoblins
  7 kobolds
  3 quokkas
  3 bats
  4 frilled lizards
  A rat (D:3)
  A spectral hobgoblin (D:2)
48 creatures vanquished.

Notes
Turn   | Place    | Note
-------+----------+-------------------------------------------
     0 | D:1      | casanoah the Draconian Transmuter began the quest for the
                  | Orb.
     0 | D:1      | Reached XP level 1. HP: 16/16 MP: 3/3
   435 | D:1      | Reached XP level 2. HP: 23/23 MP: 3/5
  1131 | D:2      | Identified the +6 sling of the Scorpion {freeze, rElec rF+
                  | Will+}
  1457 | D:2      | Reached XP level 3. HP: 28/28 MP: 6/6
  1610 | D:2      | Learned a level 2 spell: Wereblood
  2147 | D:2      | Found a runed translucent door.
  2148 | D:2      | Noticed Crazy Yiuf
  2209 | D:2      | Reached XP level 4. HP: 24/35 MP: 4/7
  2214 | D:2      | Reached skill level 4 in Unarmed Combat
  2622 | D:2      | Found a faded altar of an unknown god.
  2823 | D:2      | Learned a level 3 spell: Spider Form
  2852 | D:3      | Noticed a centaur
  3003 | D:3      | Found a broken altar of Ashenzari.
  3138 | D:3      | Reached XP level 5. HP: 40/40 MP: 6/8
  3751 | D:3      | HP: 1/40 [centaur/arrow (9)]
  3770 | D:3      | Shot with an arrow by a centaur

Illustrated notes

Levels and vault maps discovered:
D:1:      minmay_arrival_jagged, layout_basic
D:2:      layout_loops_ring, dreamdust_ecumenical_altar_drowned_temple,
          minmay_misc_feat_encased, uniq_crazy_yiuf_cottage
D:3:      layout_basic, ashenzari_conservatory_becter

Skill      XL: |  1  2  3  4 |
---------------+-------------+-----
Dodging        | 2 |  2.5
Unarmed Combat | 4 |  4.2
Fighting       | |  1.4
Stealth        | |  0.6
Spellcasting   | |  2.6
Transmutations | |  2.8

Action                   |  1- 3 |  4- 6 || total
-------------------------+-------+-------++-------
Melee: Unarmed           |   104 |    61 ||   165
       Kick              |    16 |     6 ||    22
       Tailslap          |    14 |     6 ||    20
       Headbutt          |     7 |     3 ||    10
       Punch             |     2 |     3 ||     5
 Cast: Beastly Appendage |    19 |    12 ||    31
       Wereblood         |     2 |     2 ||     4
  Use: Scroll            |     3 |       ||     3
       Potion            |       |     2 ||     2
 Stab: Sleeping          |       |     1 ||     1
Armor: Skin              |    38 |    13 ||    51
Dodge: Dodged            |    57 |    43 ||   100
